 Dungeon Sprint DCSS version 0.22-a0-142-g91cc6d7 (webtiles) character file.

290484 esc the Imperceptible (level 13, 46/80 HPs)
             Began as a Spriggan Assassin on Feb 5, 2018.
             Was the Champion of Dithmenos.
             Escaped with the Orb!
             The game lasted 00:34:49 (4461 turns).

esc the Imperceptible (Spriggan Assassin)           Turns: 4461, Time: 00:34:49

Health: 46/80      AC: 13    Str:  7    XL:     13   Next: 53%
Magic:  22/22      EV: 39    Int: 19    God:    Dithmenos [******]
Gold:   12         SH: 11    Dex: 28    Spells: 21/23 levels left

rFire    . . .     SeeInvis +   v - +11 rapier of Qazlal's Fury {venom, Dex+5}
rCold    + + .     Gourm    +   C - +2 buckler {rN+}
rNeg     + . .     Faith    .   l - +2 faerie dragon scales {rC+ rCorr Int+5 Slay+2}
rPois    +         Spirit   .   (helmet restricted)
rElec    .         Reflect  .   x - +0 cloak
rCorr    +         Harm     .   (gloves unavailable)
MR       ++...     NoTele   +   (boots unavailable)
Stlth    ++++++....             y - amulet of Wu Jian's Hope {Gourm rPois rC+ Int+2}
HPRegen  0.23/turn              w - +3 ring of protection
MPRegen  0.18/turn              d - +1 ring of protection

@: wreathed by umbra, very quick
A: very small, unfitting armour, see invisible, herbivore, speed 3, slow
metabolism 2
0: Orb of Zot
a: Shadow Step, Shadow Form, Renounce Religion


You escaped.
You worshipped Dithmenos.
Dithmenos was exalted by your worship.
You were not hungry.

You visited 1 branch You collected 456 gold pieces.
You spent 444 gold pieces at shops.

Inventory:

Hand Weapons
 a - a +2 dagger
 b - a +0 blowgun
 c - a +4 quick blade
   (You took it off a spriggan defender in the Dungeon)
 t - a +2 quick blade
   (You took it off a spriggan defender in the Dungeon)
 v - the +11 rapier of Qazlal's Fury (weapon) {venom, Dex+5}
   (You found it in the Dungeon)

   It poisons the flesh of those it strikes.
   It affects your dexterity (+5).
 z - the +5 spear of Osaos {freeze, +Blink rPois rN+ SInv, unknown}
   (You found it in the Dungeon)

   It has been specially enchanted to freeze those struck by it, causing extra
   injury to most foes and up to half again as much damage against particularly
   susceptible opponents.
   It can also slow down cold-blooded creatures.
   It protects you from poison.
   It protects you from negative energy.
   It lets you see invisible.
   It lets you blink.
Missiles
 e - 8 poisoned needles
 f - 3 curare-tipped needles
Armour
 l - the +2 faerie dragon scales (worn) {rC+ rCorr Int+5 Slay+2}
   (You took it off the Enchantress in the Dungeon)

   It affects your intelligence (+5).
   It affects your accuracy and damage with ranged weapons and melee attacks
   (+2).
   It protects you from cold.
   It protects you from acid and corrosion.
 x - a +0 cloak (worn)
   (You bought it in a shop in the Dungeon)
 A - a +0 buckler
   (You took it off a spriggan defender in the Dungeon)
 C - a +2 buckler of positive energy (worn)
   (You took it off the Enchantress in the Dungeon)
Magical Staves
 q - an uncursed staff of earth
   (You found it in the Dungeon)
Jewellery
 d - a +1 ring of protection (right hand)
   (You bought it in a shop in the Dungeon)
 h - the amulet of invisibility {+Inv}
   (You found it in the Dungeon)

   [amulet of nothing]

   It lets you turn invisible.
 w - a +3 ring of protection (left hand)
   (You bought it in a shop in the Dungeon)
 y - the amulet of Wu Jian's Hope (around neck) {Gourm rPois rC+ Int+2}
   (You found it in the Dungeon)

   [amulet of the gourmand]

   It allows you to eat raw meat even when not hungry.
   It affects your intelligence (+2).
   It protects you from cold.
   It protects you from poison.
Potions
 i - a potion of heal wounds
 j - a potion of haste
 k - 2 potions of magic
 u - a potion of curing
 B - a potion of lignification {unknown}
Books
 m - a book of Power
   (You found it in the Dungeon)
 o - a Necronomicon
   (You found it in the Dungeon)
 r - a book of Minor Magic
   (You found it in the Dungeon)
 s - a book of Geomancy
   (You found it in the Dungeon)


   Skills:
 + Level 15.0 Fighting
 - Level 18.1 Short Blades
 - Level 2.0 Throwing
 + Level 23.0 Dodging
 + Level 25.0 Stealth
 + Level 6.2 Shields
 - Level 5.9 Spellcasting
 - Level 6.4 Evocations


You had 21 spell levels left.
You knew the following spells:

 Your Spells              Type           Power        Failure   Level  Hunger
b - Blink                 Tloc           N/A          34%         2    None


Dungeon Overview and Level Annotations

Branches:
Dungeon (1/1)

Altars:
Cheibriados
Dithmenos
Elyvilon
Gozag
Hepliaklqana
Kikubaaqudgha
Makhleb
Nemelex Xobeh
Okawaru
Qazlal
Ru
Sif Muna
Trog
Uskayaw
Vehumet
Wu Jian
Xom
Yredelemnul
Zin
The Shining One
Beogh
Jiyva
Lugonu

Shops:
D =:[!=**[%((**?:(%:(:%


Innate Abilities, Weirdness & Mutations

You are very small and have problems with some larger weapons.
You are too small for most types of armour.
You have supernaturally acute eyesight. (SInv)
You are a herbivore.
You cover ground extremely quickly.
You need consume almost no food.


Message History

Your transformation is almost over.
You emerge from the shadows.
A daeva comes into view.
It is wielding a scimitar of holy wrath.
You regained 4 mp, and now have 17/22 mp.
A crimson imp comes into view.
The crimson imp shouts!
The daeva closely misses you.
The daeva hits you with a scimitar of holy wrath.
You take 2 damage, and have 77/79 hp.
The crimson imp misses you.
The daeva calls down the wrath of the Shining One upon you.
The Shining One smites you!
You take 13 damage, and have 64/79 hp.
There is a huge open gate here.
Things that are here:
a quarterstaff; a robe
Things that are here:
a quarterstaff; a robe
Things that are here:
a demon whip of electrocution; a robe; a buckler A ynoxinul comes into view.
You regained 5 hp, and now have 71/79 hp.
MP restored: 22 The ynoxinul completely misses you.
You closely miss the ynoxinul.
Your shadow hits the ynoxinul but does no damage.
You block the ynoxinul's attack.
You puncture the ynoxinul! You hit the ynoxinul.
The ynoxinul gestures.
You puncture the ynoxinul!
Your shadow hits the ynoxinul but does no damage.
You impale the ynoxinul!!
You kill the ynoxinul!
Dithmenos accepts your kill.
The ufetubus disappears in a puff of smoke! x3
Your base Fighting skill increases to level 15!
Your base Dodging skill increases to level 23!
Your base Stealth skill increases to level 25!
There is an open door here.
There is an open door here.
There is an entrance to Fouwk's Antique Weapon Emporium here.
There is an entrance to Huggyuf's Jewellery Shoppe here.
There is an open door here.
There is an open door here.
Things that are here:
a broad axe; an animal skin
There is an open door here.
A ynoxinul comes into view.
There is an open door here.
Health restored: 80 The ynoxinul bellows!
You puncture the ynoxinul!
Your shadow hits the ynoxinul but does no damage.
The ynoxinul misses you.
You puncture the ynoxinul!
You kill the ynoxinul!
Dithmenos accepts your kill.
Your life force feels restored.
There is an open door here.
There is an open door here.
There is an open door here.
There is an open door here.
There is an open door here.
A neqoxec comes into view.
There is an open door here.
You block the neqoxec's attack.
You see here a ring mail.
You closely miss the neqoxec. Your shadow misses the neqoxec.
You puncture the neqoxec! You block the neqoxec's attack.
You hit the neqoxec. You hit the neqoxec.
Your shadow hits the neqoxec with a rapier.
You block the neqoxec's attack.
You puncture the neqoxec!
You kill the neqoxec!
Dithmenos accepts your kill.
No target in view!
There is an open door here.
A chaos spawn comes into view.
The chaos spawn gores the fungus!
The chaos spawn hits the fungus!
There is an open door here.
You catch the helpless chaos spawn completely off-guard!
You skewer the chaos spawn like a kebab!!!
You kill the chaos spawn!
Dithmenos accepts your kill.
The chaos spawn degenerates into a cloud of primal chaos!
No target in view!
There is a staircase leading out of the dungeon here.
As you read the scroll labeled FISTRY YMOUS, it crumbles to dust.
It is a scroll of enchant armour.
Your +1 buckler of positive energy glows green for a moment.
As you read the scroll labeled XAXEZEMEOT, it crumbles to dust.
Your body is wracked with pain!
You emit a cloud of dark smoke.
It was a scroll of torment.
You take 35 damage, and have 45/80 hp.
MASSIVE DAMAGE!!
Okay, then.
You have escaped!

##################
#@§§P#.....#.....#
#P§§.'.....'.#[..'
#PPPP#.....#.#...#
###############'##
#...♣........'...#
#......♣.....#...#
#.†...♣..♣..######
##'####'######.}'.
#[.#....'.......#♣


There were no monsters in sight!

Vanquished Creatures
  the Enchantress (D)
  Agnes (D)
  2 ghost moths (D)
  6 spriggan defenders (D)
  5 spriggan berserkers (D)
  4 spriggan druids (D)
  24 oklob plants (D)
  3 moths of wrath (D)
  4 demonic crawlers (D)
  3 burning bushes (D)
  2 queen bees (D)
  10 hornets (D)
  3 wandering mushrooms (D)
  2 ynoxinuls (D)
  A neqoxec (D)
  A chaos spawn (D)
  2 scorpions (D)
  4 killer bees (D)
  5 oklob saplings (D)
  2 worker ants (D)
  11 spriggans (D)
  A river rat (D)
  A rat (D)
  2 ballistomycetes (D)
  A ballistomycete spore (D)
101 creatures vanquished.

Vanquished Creatures (others)
  An eldritch tentacle (D)
  An oklob plant (D)
  A ballistomycete spore (D)
  A bush (D)
  A fungus (D)
5 creatures vanquished.

Grand Total: 106 creatures vanquished

Notes
Turn   | Place    | Note
-------+----------+-------------------------------------------
     0 | D        | esc the Spriggan Assassin began the quest for the Orb.
     0 | D        | Reached XP level 1. HP: 10/10 MP: 2/2
     8 | D        | Reached skill level 2 in Fighting
     8 | D        | Reached skill level 3 in Short Blades
     8 | D        | Reached skill level 3 in Dodging
     8 | D        | Reached skill level 6 in Stealth
     8 | D        | Reached XP level 2. HP: 15/15 MP: 3/3
    21 | D        | Noticed an oklob sapling
    22 | D        | Killed an oklob sapling
    22 | D        | Reached skill level 3 in Fighting
    22 | D        | Reached skill level 4 in Short Blades
    22 | D        | Reached skill level 4 in Dodging
    22 | D        | Reached skill level 7 in Stealth
    22 | D        | Reached XP level 3. HP: 20/20 MP: 4/4
    25 | D        | Found the amulet of invisibility {+Inv}
   169 | D        | HP: 5/20 [worker ant (8)]
   180 | D        | Reached skill level 5 in Dodging
   180 | D        | Reached skill level 8 in Stealth
   269 | D        | Found an opulent altar of Gozag.
   269 | D        | Found a hazy altar of Hepliaklqana.
   269 | D        | Found a burning altar of Makhleb.
   269 | D        | Found a roughly hewn altar of Beogh.
   269 | D        | Found a sparkling altar of Nemelex Xobeh.
   269 | D        | Found a snail-covered altar of Cheibriados.
   269 | D        | Found a sacrificial altar of Ru.
   269 | D        | Found a deep blue altar of Sif Muna.
   269 | D        | Found a shimmering altar of Xom.
   269 | D        | Found a basalt altar of Yredelemnul.
   270 | D        | Found a viscous altar of Jiyva.
   270 | D        | Found a bloodstained altar of Trog.
   270 | D        | Found an ornate altar of the Wu Jian Council.
   270 | D        | Noticed an oklob sapling priest
   271 | D        | Found an iron altar of Okawaru.
   271 | D        | Found a shadowy altar of Dithmenos.
   271 | D        | Found a glowing silver altar of Zin.
   272 | D        | Found an ancient bone altar of Kikubaaqudgha.
   272 | D        | Found a hide-covered altar of Uskayaw.
   273 | D        | Found a stormy altar of Qazlal.
   273 | D        | Found a white marble altar of Elyvilon.
   273 | D        | Found a glowing golden altar of the Shining One.
   274 | D        | Found a corrupted altar of Lugonu.
   274 | D        | Found a radiant altar of Vehumet.
   277 | D        | Killed an oklob sapling priest
   277 | D        | Reached skill level 4 in Fighting
   277 | D        | Reached skill level 5 in Short Blades
   277 | D        | Reached skill level 6 in Dodging
   277 | D        | Reached skill level 9 in Stealth
   277 | D        | Reached XP level 4. HP: 25/25 MP: 5/5
   280 | D        | Became a worshipper of Dithmenos the Shadowed
   290 | D        | Reached skill level 7 in Dodging
   290 | D        | Reached XP level 5. HP: 30/30 MP: 3/6
   295 | D        | Reached skill level 6 in Short Blades
   295 | D        | Reached skill level 10 in Stealth
   296 | D        | Reached * piety under Dithmenos
   296 | D        | Reached skill level 5 in Fighting
   296 | D        | Reached skill level 8 in Dodging
   302 | D        | Found Soedd's Book Shop.
   302 | D        | Found Qytass's Magic Scroll Emporium.
   306 | D        | Noticed a burning bush
   306 | D        | Noticed a wandering mushroom
   307 | D        | Noticed a wandering mushroom
   309 | D        | Killed a wandering mushroom
   309 | D        | Reached skill level 6 in Fighting
   309 | D        | Reached skill level 8 in Short Blades
   309 | D        | Reached skill level 10 in Dodging
   309 | D        | Reached skill level 12 in Stealth
   309 | D        | Reached XP level 6. HP: 36/36 MP: 4/7
   311 | D        | Killed a wandering mushroom
   311 | D        | Reached ** piety under Dithmenos
   311 | D        | Reached skill level 9 in Short Blades
   311 | D        | Reached skill level 11 in Dodging
   311 | D        | Reached skill level 13 in Stealth
   311 | D        | Reached XP level 7. HP: 41/41 MP: 4/8
   428 | D        | Reached skill level 7 in Fighting
   634 | D        | Found Haneytai's Book Shoppe.
   635 | D        | Found Raotod's Weapon Emporium.
   690 | D        | Killed a burning bush
   690 | D        | Reached *** piety under Dithmenos
   690 | D        | Reached skill level 12 in Dodging
   690 | D        | Reached skill level 14 in Stealth
   733 | D        | Noticed a queen bee
   738 | D        | Killed a queen bee
   738 | D        | Reached skill level 10 in Short Blades
   738 | D        | Reached XP level 8. HP: 47/47 MP: 2/9
   742 | D        | Reached skill level 8 in Fighting
   743 | D        | Reached **** piety under Dithmenos
   750 | D        | Noticed an oklob plant
   753 | D        | Killed an oklob plant
   753 | D        | Reached skill level 11 in Short Blades
   753 | D        | Reached skill level 13 in Dodging
   753 | D        | Reached skill level 15 in Stealth
   776 | D        | Noticed a burning bush
   779 | D        | Killed a burning bush
   779 | D        | Reached XP level 9. HP: 52/52 MP: 5/10
   820 | D        | Noticed a burning bush
   820 | D        | Noticed an oklob plant
   821 | D        | Noticed a wandering mushroom
   822 | D        | Killed a burning bush
   822 | D        | Reached ***** piety under Dithmenos
   822 | D        | Reached skill level 9 in Fighting
   822 | D        | Reached skill level 14 in Dodging
   822 | D        | Reached skill level 16 in Stealth
   824 | D        | Killed an oklob plant
   825 | D        | Killed a wandering mushroom
   825 | D        | Reached skill level 12 in Short Blades
   842 | D        | Noticed a spriggan druid
   843 | D        | Killed a spriggan druid
   843 | D        | Reached skill level 15 in Dodging
   843 | D        | Reached skill level 17 in Stealth
   859 | D        | Noticed an oklob plant conjurer
   860 | D        | Killed an oklob plant conjurer
   962 | D        | Noticed an oklob plant
   962 | D        | Noticed an oklob plant summoner
   963 | D        | Noticed an oklob plant shifter
   964 | D        | Killed an oklob plant
   964 | D        | Reached skill level 10 in Fighting
   964 | D        | Reached XP level 10. HP: 59/59 MP: 6/11
  1230 | D        | Noticed Agnes
  1231 | D        | Found Nantih's Weapon Emporium.
  1231 | D        | Found Fit Qay's Food Shoppe.
  1232 | D        | Killed Agnes
  1232 | D        | Reached skill level 13 in Short Blades
  1232 | D        | Reached skill level 16 in Dodging
  1232 | D        | Reached skill level 18 in Stealth
  1233 | D        | Noticed a spriggan defender
  1236 | D        | Killed a spriggan defender
  1236 | D        | Reached skill level 11 in Fighting
  1236 | D        | Reached skill level 14 in Short Blades
  1236 | D        | Reached skill level 17 in Dodging
  1236 | D        | Reached skill level 19 in Stealth
  1312 | D        | Noticed a spriggan berserker
  1314 | D        | Killed a spriggan berserker
  1345 | D        | HP: 12/61 [acid (7)]
  1348 | D        | Killed an oklob plant summoner
  1350 | D        | Killed an oklob plant shifter
  1350 | D        | Reached XP level 11. HP: 33/65 MP: 6/12
  1511 | D        | Noticed a spriggan rider
  1512 | D        | Found Haoberig's Food Shoppe.
  1512 | D        | Found Hawapin's Book Emporium.
  1514 | D        | Reached ****** piety under Dithmenos
  1514 | D        | Reached skill level 18 in Dodging
  1516 | D        | Killed a spriggan rider
  1516 | D        | Reached skill level 20 in Stealth
  1534 | D        | Got a faintly glowing rapier
  1536 | D        | Identified the +11 rapier of Qazlal's Fury {venom, Dex+5} (You found it in the Dungeon)
  1548 | D        | Bought a ration for 70 gold pieces
  1586 | D        | Noticed a spriggan rider
  1588 | D        | Killed a spriggan rider
  1588 | D        | Reached skill level 15 in Short Blades
  1590 | D        | Reached skill level 12 in Fighting
  1595 | D        | Noticed a ghost moth
  1596 | D        | Found Xoliuck's Armour Emporium.
  1596 | D        | Found Myroad Hoist's Book Boutique.
  1596 | D        | Found Lolaub's Jewellery Shoppe.
  1621 | D        | HP: 15/66 [ghost moth (15)]
  1946 | D        | Killed a ghost moth
  1946 | D        | Reached skill level 19 in Dodging
  1946 | D        | Reached skill level 21 in Stealth
  2106 | D        | Noticed an oklob plant meteorologist
  2108 | D        | Killed an oklob plant meteorologist
  2109 | D        | Noticed an oklob plant shifter
  2111 | D        | Killed an oklob plant shifter
  2121 | D        | Noticed a spriggan rider
  2331 | D        | Found Huggyuf's Jewellery Shoppe.
  2331 | D        | Found Hyttur's General Store.
  2331 | D        | Found Vus Ukhu's Distillery.
  2331 | D        | Found Kuirghy's Antique Armour Emporium.
  2331 | D        | Found Nonna's General Store.
  2337 | D        | Noticed an oklob plant summoner
  2338 | D        | Found Jiprarui's General Store.
  2338 | D        | Found Qadem's Assorted Antiques.
  2339 | D        | Killed an oklob plant summoner
  2341 | D        | Noticed an oklob plant demonologist
  2341 | D        | Noticed an oklob plant annihilator
  2342 | D        | Noticed a spriggan berserker
  2343 | D        | Killed an oklob plant demonologist
  2346 | D        | Killed an oklob plant annihilator
  2346 | D        | Reached skill level 16 in Short Blades
  2351 | D        | Noticed a death yak
  2361 | D        | Killed a spriggan berserker
  2374 | D        | Learned a level 2 spell: Blink
  2446 | D        | Found Fouwk's Antique Weapon Emporium.
  2446 | D        | Found Datux's Antique Weapon Shop.
  2446 | D        | Found Jopaple's Food Boutique.
  2466 | D        | Bought a +3 ring of protection for 210 gold pieces
  2468 | D        | Bought a +0 cloak for 49 gold pieces
  2481 | D        | Bought a +1 ring of protection for 30 gold pieces
  2503 | D        | Noticed an oklob plant
  2503 | D        | Noticed an oklob plant
  2503 | D        | Noticed an oklob plant
  2503 | D        | Noticed an oklob plant
  2503 | D        | Noticed an oklob plant
  2503 | D        | Noticed an oklob plant
  2504 | D        | Noticed an oklob plant
  2505 | D        | Killed an oklob plant
  2505 | D        | Reached skill level 20 in Dodging
  2505 | D        | Reached skill level 1 in Spellcasting
  2506 | D        | Noticed an oklob plant
  2507 | D        | Killed an oklob plant
  2507 | D        | Reached skill level 13 in Fighting
  2507 | D        | Reached skill level 22 in Stealth
  2507 | D        | Reached skill level 2 in Spellcasting
  2507 | D        | Reached XP level 12. HP: 73/73 MP: 10/16
  2511 | D        | Reached skill level 3 in Spellcasting
  2515 | D        | Reached skill level 4 in Spellcasting
  2521 | D        | Reached skill level 5 in Spellcasting
  2703 | D        | Got a flickering copper amulet
  2705 | D        | Identified the amulet of Wu Jian's Hope {Gourm rPois rC+ Int+2} (You found it in the Dungeon)
  2708 | D        | Got a bloodstained spear
  2933 | D        | Noticed a spriggan defender
  2933 | D        | Noticed a spriggan defender
  2935 | D        | Killed a spriggan defender
  2935 | D        | Reached skill level 17 in Short Blades
  2935 | D        | Reached skill level 2 in Evocations
  2936 | D        | Killed a spriggan defender
  2936 | D        | Reached skill level 21 in Dodging
  2936 | D        | Reached skill level 23 in Stealth
  2936 | D        | Reached skill level 4 in Evocations
  3099 | D        | Reached skill level 1 in Shields
  3099 | D        | Reached skill level 5 in Evocations
  3102 | D        | Reached skill level 2 in Shields
  3102 | D        | Reached skill level 6 in Evocations
  3103 | D        | Reached skill level 14 in Fighting
  3208 | D        | Noticed a spriggan defender
  3265 | D        | Noticed a ghost moth
  3277 | D        | HP: 27/111 [spriggan defender/demon whip of electrocution (24)]
  3278 | D        | Killed a spriggan defender
  3278 | D        | Reached skill level 3 in Shields
  3278 | D        | Reached XP level 13. HP: 29/79 MP: 0/22
  3283 | D        | Killed a ghost moth
  3595 | D        | Noticed the Enchantress
  3597 | D        | Killed the Enchantress
  3597 | D        | Reached skill level 18 in Short Blades
  3597 | D        | Reached skill level 22 in Dodging
  3597 | D        | Reached skill level 24 in Stealth
  3597 | D        | Reached skill level 4 in Shields
  3599 | D        | Got faerie dragon scales
  3611 | D        | Identified the +2 faerie dragon scales {rC+ rCorr Int+5 Slay+2} (You took it off the Enchantress in the Dungeon)
  3804 | D        | Bought a ration for 50 gold pieces
  3804 | D        | Bought a scroll of magic mapping for 35 gold pieces
  3992 | D        | Reached skill level 5 in Shields
  4128 | D        | Noticed a spriggan defender
  4130 | D        | Noticed a spriggan defender
  4131 | D        | Killed a spriggan defender
  4132 | D        | Killed a spriggan defender
  4132 | D        | Reached skill level 6 in Shields
  4234 | D        | Got the Orb of Zot
  4268 | D        | Noticed a daeva
  4337 | D        | Reached skill level 15 in Fighting
  4337 | D        | Reached skill level 23 in Dodging
  4337 | D        | Reached skill level 25 in Stealth
  4461 | D        | Escaped with the Orb!

Vault maps used:
D:        dungeon_sprint_fedhas

Skill      XL: |  1  2  3  4  5  6  7  8  9 10 11 12 13 |
---------------+----------------------------------------+-----
Fighting       | 2 3 4 6 7 8 10 11 13 14 15 | 15.0
Short Blades   | 3 4 5 8 9 10 11 12 14 16 17 18 | 18.1
Dodging        | 3 4 6 7 10 11 12 13 15 17 20 21 23 | 23.0
Stealth        | 6 7 9 12 13 14 15 17 19 22 23 25 | 25.0
Spellcasting   | 2 5 |  5.9
Evocations     | 6 |  6.4
Shields        | 3 6 |  6.2
Throwing       | |  2.0

Action                   |  1- 3 |  4- 6 |  7- 9 | 10-12 | 13-15 || total
-------------------------+-------+-------+-------+-------+-------++-------
Melee: Dagger            |    19 |     6 |    31 |    71 |    11 ||   138
       Rapier            |       |       |       |    56 |    36 ||    92
 Fire: Blowgun           |       |       |     4 |     5 |       ||     9
Invok: Shadow Step       |       |       |     3 |    13 |     7 ||    23
       Shadow Form       |       |       |       |       |     1 ||     1
 Abil: Evoke Invisibilit |       |     1 |     2 |    11 |     3 ||    17
  Use: Potion            |     1 |       |       |     3 |       ||     4
       Scroll            |       |       |       |     1 |     3 ||     4
 Stab: Sleeping          |     4 |     6 |    15 |    35 |     6 ||    66
       Distracted        |       |       |     1 |     1 |     1 ||     3
       Invisible         |       |       |       |     6 |     3 ||     9
  Eat: Ration            |       |       |       |     3 |     3 ||     6
Armor: Robe              |     1 |       |       |       |       ||     1
       Acid dragon scale |       |       |       |       |     1 ||     1
Dodge: Dodged            |    11 |     1 |     4 |   118 |    23 ||   157
Block: Buckler           |       |       |       |       |    12 ||    12

Table legend:
 A = Spawn XP
 B = Non-spawn XP
 C = Spawn XP percentage of total XP
 D = Spawn monster count
 E = Non-spawn monster count
 F = Spawn count percentage of total count
 G = Total turns spent on level
                    A         B        C        D         E        F      G
               +---------+---------+-------+---------+---------+-------+---------
         Total |       0 |   51353 |   0.0 |       0 |      94 |   0.0 |  4461
               +---------+---------+-------+---------+---------+-------+---------
             D |       0 |   51353 |   0.0 |       0 |      94 |   0.0 |  4461
               +---------+---------+-------+---------+---------+-------+---------

Vault maps used:
D:        dungeon_sprint_fedhas

Table legend:
 A = Turns spent in this place as a percentage of turns spent in the entire game.
 B = Non-inter-level travel turns spent in this place as a percentage of non-inter-level travel turns spent in the entire game.
 C = Inter-level travel turns spent in this place as a percentage of turns spent in this place.
 D = Turns resting spent in this place as a percentage of non-inter-level travel turns spent in this place.
 E = Turns spent auto-exploring this place as a percentage of non-inter-level travel turns spent in this place.
 F = Non-inter-level travel turns spent in this place divided by the number of levels of this place that you've seen.
                   A       B       C       D       E      F
               +-------+-------+-------+-------+-------+----------------------
         Total | 100.0 | 100.0 |  11.3 |  62.6 |   0.0 | 3956.0
       Dungeon | 100.0 | 100.0 |  11.3 |  62.6 |   0.0 | 3956.0
               +-------+-------+-------+-------+-------+----------------------

Table legend:
 A = Kills in this place as a percentage of kills in entire the game.
 B = Kills by you in this place as a percentage of kills by you in the entire game.
 C = Kills by friends in this place as a percentage of kills by friends in the entire game.
 D = Other kills in this place as a percentage of other kills in the entire game.
 E = Experience gained in this place as a percentage of experience gained in the entire game.
 F = Experience gained in this place divided by the number of levels of this place that you have seen.
                   A       B       C       D       E      F
               +-------+-------+-------+-------+-------+----------------------
         Total | 100.0 | 100.0 |   N/A |   N/A | 100.0 | 52120.0
       Dungeon | 100.0 | 100.0 |   N/A |   N/A | 100.0 | 52120.0
               +-------+-------+-------+-------+-------+----------------------
